 Dungeon Crawl Stone Soup version 0.29-a0-375-g5102b3be25 (webtiles) character file.

Game seed: 17489242637961881709

917 bastard the Cruncher (level 8, -5/54 HPs)
             Began as a Djinni Gladiator on May 3, 2022.
             Slain by an ogre
             ... wielding a +0 giant spiked club
              (26 damage)
             ... on level 5 of the Dungeon.
             The game lasted 00:06:08 (6656 turns).

bastard the Cruncher (Djinni Gladiator)             Turns: 6656, Time: 00:06:09

Health: -5/54      AC: 11    Str: 13    XL:     8   Next: 31%
Gold:   359        EV:  7    Int: 11    God:
                   SH:  4    Dex: 22

rFire   + + .      SeeInvis .   a - +0 quarterstaff
rCold   x . .      Faith    .   (shield currently unavailable)
rNeg    + . .      Spirit   .   q - +0 storm dragon scales
rPois   ∞          Reflect  .   c - +0 helmet
rElec   +          Harm     .   (no cloak)
rCorr   .          Rampage  .   (no gloves)
Will    .....                   (boots unavailable)
Stlth   ..........              (no amulet)
HPRegen 0.18/turn               h - ring of positive energy
MPRegen 0.00/turn               g - +6 ring of dexterity

@: flying
A: sickness immunity, fire resistance 2, cold vulnerability 1, float, innate
caster, HP casting, extra vitality 1, large bone plates 1
a: no special abilities


You were on level 5 of the Dungeon.
You visited 1 branch of the dungeon, and saw 5 of its levels.
You also visited: Sewer.

You collected 359 gold pieces.

Inventory:

Hand Weapons
 a - a +0 quarterstaff (weapon)
Missiles
 d - 2 throwing nets (quivered)
 e - a javelin
Armour
 c - a +0 helmet (worn)
 q - +0 storm dragon scales (worn)
Jewellery
 f - a +6 ring of intelligence
 g - a +6 ring of dexterity (right hand)
 h - a ring of positive energy (left hand)
Wands
 m - a wand of flame (15)
 n - a wand of polymorph (9)
 r - a wand of acid (5)
Scrolls
 i - 5 scrolls of teleportation
 k - a scroll of identify
Potions
 b - a potion of berserk rage {unknown}
 j - a potion of lignification
 l - a potion of invisibility
 s - 2 potions of curing
 t - 2 potions of attraction
 u - a potion of heal wounds


   Skills:
 - Level 2.0 Fighting
 + Level 8.7 Staves
 - Level 1.5 Throwing
 - Level 3.2 Dodging


You had one spell level left.
You knew the following spells:

 Your Spells              Type           Power      Damage    Failure   Level
a - Beastly Appendage     Tmut           0%         N/A       100%        1
b - Blink                 Tloc           0%         N/A       100%        2
c - Call Canine Familiar  Summ           0%         N/A       100%        3
Your spell library was empty.


Dungeon Overview and Level Annotations

Branches:
Dungeon (5/15)              Sewer (visited)
 Temple: D:4-7

Altars:
Nemelex Xobeh
Qazlal


Innate Abilities, Weirdness & Mutations

You are immune to sickness and miasma.
You are immune to poison.
Your flesh is very heat resistant. (rF++)
You are vulnerable to cold. (rC-)
You float through the air rather than walking.
You learn spells naturally, not from books.
Your magical power is your life essence.
You have superior vitality. (+4 MHP)
You are partially covered in large bone plates. (SH +4)


Message History

The centaur unwields a +0 shortbow.
The centaur closely misses you. The centaur barely misses you.
You barely miss the centaur.
The centaur hits you but does no damage.
The centaur barely misses you.
You sock the centaur!
The centaur is moderately wounded.
The centaur hits you. The centaur kicks you.
The centaur hits you but does no damage.
You block the centaur's attack.
The ogre hits you with a +0 giant spiked club!
You hit the centaur but do no damage.
The centaur is moderately wounded.
The centaur hits you. You block the centaur's attack.
You are too injured to fight recklessly!
You are too injured to fight recklessly!
You are too injured to fight recklessly!
You are too injured to fight recklessly!
You are too injured to fight recklessly!
You are too injured to fight recklessly!
You are too injured to fight recklessly!
You are too injured to fight recklessly!
You are too injured to fight recklessly!
You are too injured to fight recklessly!
You are too injured to fight recklessly!
You are too injured to fight recklessly!
You are too injured to fight recklessly!
You are too injured to fight recklessly!
You are too injured to fight recklessly!
You are too injured to fight recklessly!
You are too injured to fight recklessly!
You are too injured to fight recklessly!
You are too injured to fight recklessly!
You are too injured to fight recklessly!
You are too injured to fight recklessly!
You sock the centaur!
The centaur is severely wounded.
The centaur hits you. The centaur kicks you.
The ogre hits you with a +0 giant spiked club!!
You die...

.######## ........#
#.... #(...##...
#.... ####.# #.#....
####.#####......
................##
####..#.####.....##
# #....#..###...c..#
.#
###+.##..##....@.#
..#
#.#....######O##...#
#.#....# #......#
#......## #.##...#
#..)....# #.## ..#
#.......#####†.# .#
#.#..........#.# #
#......#####.#.#
+..##### #.#.#


You could see an ogre and a centaur.

Vanquished Creatures
  An ogre (D:5)
  A phantom (D:5)
  A bullfrog (D:5)
  Blork the orc (D:4)
  A jelly (D:4)
  An orc priest (D:4)
  3 iguanas
  Terence (D:3)
  Natasha (thrice) (D:3)
  A merfolk siren (Sewer)
  Ijyb (D:3)
  A merfolk avatar (Sewer)
  4 gnolls
  4 river rats
  12 adders
  An ufetubus (D:5)
  4 worms
  2 dart slugs (D:1)
  8 orcs
  7 ball pythons
  2 bats (D:2)
  5 endoplasms
  5 giant cockroaches
  16 goblins
  8 hobgoblins
  4 jackals (D:2)
  3 quokkas
  8 frilled lizards
  3 kobolds
  27 rats
139 creatures vanquished.

Notes
Turn   | Place    | Note
-------+----------+-------------------------------------------
     0 | D:1      | bastard the Djinni Gladiator began the quest for the Orb.
     0 | D:1      | Reached XP level 1. HP: 18/18 MP: 0/0
    27 | D:1      | Reached skill level 3 in Staves
   222 | D:1      | Reached XP level 2. HP: 23/23 MP: 0/0
   347 | D:1      | Found a faded altar of an unknown god.
   993 | D:1      | Reached XP level 3. HP: 11/28 MP: 0/0
   993 | D:1      | Learned a level 1 spell: Beastly Appendage
  1327 | D:1      | Reached skill level 4 in Staves
  1671 | D:2      | Reached XP level 4. HP: 20/33 MP: 0/0
  2072 | D:2      | Found a sparkling altar of Nemelex Xobeh.
  2388 | D:3      | Reached XP level 5. HP: 36/38 MP: 0/0
  2388 | D:3      | Learned a level 2 spell: Blink
  2612 | D:3      | Noticed Natasha
  2620 | D:3      | Killed Natasha
  2621 | D:3      | Reached skill level 5 in Staves
  2797 | D:3      | Noticed Ijyb
  2807 | D:3      | Killed Ijyb
  3242 | D:3      | Noticed Natasha
  3245 | D:3      | Noticed Terence
  3250 | D:3      | Killed Natasha
  3251 | D:3      | Reached XP level 6. HP: 34/43 MP: 0/0
  3256 | D:3      | Killed Terence
  3474 | D:3      | Found a stormy altar of Qazlal.
  3480 | D:3      | Noticed an air elemental
  3481 | D:3      | Noticed a water elemental
  3481 | D:3      | Noticed a fire elemental
  3541 | D:3      | Noticed Natasha
  3548 | D:3      | Killed Natasha
  3549 | D:3      | Reached skill level 6 in Staves
  4198 | D:4      | Found a glowing drain.
  4205 | Sewer    | Entered a sewer
  4441 | Sewer    | Reached XP level 7. HP: 25/49 MP: 0/0
  4441 | Sewer    | Learned a level 3 spell: Call Canine Familiar
  4985 | D:4      | Noticed Blork the orc
  5002 | D:4      | Killed Blork the orc
  5003 | D:4      | Reached skill level 7 in Staves
  5859 | D:4      | Gained mutation: You are agile. (Dex +2) [potion of
                  | mutation]
  5859 | D:4      | Lost mutation: You are agile. (Dex +2) [potion of mutation]
  5859 | D:4      | Gained mutation: You are partially covered in large bone
                  | plates. (SH +4) [potion of mutation]
  5889 | D:5      | Entered Level 5 of the Dungeon
  5910 | D:5      | Reached skill level 8 in Staves
  6121 | D:5      | Reached XP level 8. HP: 41/54 MP: 0/0
  6656 | D:5      | Slain by an ogre

Illustrated notes

Levels and vault maps discovered:
D:1:      lightli_arrival_flooded_house, layout_basic,
          dreamdust_ecumenical_altar_angels_and_demons,
          amcnicky_mini_rare_corridor_liquid
D:2:      layout_rooms, basic_altar, corexii_hall_statues_x
D:3:      layout_basic, nicolae_qazlal_style_of_elements, uniq_natasha,
          uniq_terence, uniq_ijyb
D:4:      layout_basic, nicolae_ossuary_entry_monument,
          lightli_sewer_entry_pipes, kennysheep_small_spiral, minivault_14,
          uniq_blork_the_orc
D:5:      layout_rooms, nicolae_ru_great_annihilating_truth,
          minmay_misc_feat_columns, nicolae_concentric_dashed_squares_mild

Skill      XL: |  1  2  3  4  5  6  7 |
---------------+----------------------+-----
Staves         | 3 4 5 6 8 |  8.7
Fighting       | |  2.0
Throwing       | |  1.5
Dodging        | |  3.2

Action                   |  1- 3 |  4- 6 |  7- 9 || total
-------------------------+-------+-------+-------++-------
Melee: Quarterstaff      |    92 |   239 |   188 ||   519
Throw: Throwing net      |     3 |       |     2 ||     5
  Use: Potion            |     1 |       |     1 ||     2
       Scroll            |       |     4 |     5 ||     9
 Stab: Sleeping          |     1 |     3 |     3 ||     7
       Held in net/web   |       |       |     1 ||     1
Armor: Leather armour    |    24 |    65 |    13 ||   102
       Storm dragon scal |       |       |    59 ||    59
Dodge: Dodged            |    66 |   169 |    64 ||   299
Block: Other             |       |       |    12 ||    12

Table legend: (Time is in decaauts)
 A = Elapsed time spent in this place.
 B = Non-inter-level travel time spent in this place.
 C = Inter-level travel time spent in this place.
 D = Time resting spent in this place.
 E = Time spent auto-exploring this place.
 F = Levels seen in this place.
 G = Mean time per level.
                   A        B        C        D        E       F      G
               +--------+--------+--------+--------+--------+-----+--------+
         Total |   6657 |   6504 |    153 |      0 |   5447 |   6 | 1109.5 |
       Dungeon |   5941 |   5788 |    153 |      0 |   4911 |   5 | 1188.2 |
         Sewer |    715 |    715 |      0 |      0 |    536 |   1 |  715.0 |
               +--------+--------+--------+--------+--------+-----+--------+

Top non-repeatable levels by time:
     D:3: 1656 daAuts
     D:1: 1556 daAuts
     D:4: 1250 daAuts
     D:5: 756 daAuts
     D:2: 722 daAuts
   Sewer: 715 daAuts
